 Dungeon Crawl Stone Soup version 0.21-a0-634-gaf8bc5d (webtiles) character file.

10673 shenanigans the Destroyer (level 11, 0/84 HPs)
             Began as a Barachi Fire Elementalist on Dec 29, 2017.
             Was a Priest of Makhleb.
             Slain by a red ugly thing (21 damage)
             ... on level 10 of the Dungeon.
             The game lasted 01:21:54 (18838 turns).

shenanigans the Destroyer (BaFE)                   Turns: 18838, Time: 01:21:56

Health: 0/84       AC:  9    Str:  9    XL:     11   Next: 65%
Magic:  7/22       EV: 17    Int: 17    God:    Makhleb [***...]
Gold:   558        SH:  0    Dex: 18    Spells: 15/25 levels left

rFire    . . .     SeeInvis .   a - +2 dagger (elec)
rCold    . . .     Gourm    .   (no shield)
rNeg     + + .     Faith    .   A - +1 robe of Impermeability {rElec rPois Dex+4 Slay-4}
rPois    +         Spirit   .   p - +0 helmet
rElec    +         Reflect  .   L - +2 ratskin cloak {+Rats rPois rN+ Str-1 Int-1 Dex+1}
rCorr    +         Harm     .   l - +0 pair of gloves
MR       .....                  m - +0 pair of boots
Stlth    ++++......             (no amulet)
HPRegen  0.24/turn              t - ring of positive energy
MPRegen  0.18/turn              s - ring of resist corrosion

@: can't hop, slow
A: +LOS, swims, slowness 1, strong legs 1
a: Hop, Minor Destruction, Lesser Servant of Makhleb, Renounce Religion, Evoke
Ratskin


You were on level 10 of the Dungeon.
You worshipped Makhleb.
Makhleb was most pleased with you.
You were not hungry.

You visited 2 branches of the dungeon, and saw 13 of its levels.
You also visited: Bailey.

You collected 723 gold pieces.
You spent 165 gold pieces at shops.

Inventory:

Hand Weapons
 a - a +2 dagger of electrocution (weapon)
 n - a +0 hand axe
 o - a +0 long sword
 q - a +1 whip of electrocution
 B - a +0 war axe of flaming
Missiles
 i - 5 tomahawks (quivered)
Armour
 l - a +0 pair of gloves (worn)
 m - a +0 pair of boots (worn)
 p - a +0 helmet (worn)
 w - the +0 robe of the Original Sin {+Fly Str+2}
   (You bought it in a shop on level 5 of the Dungeon)

   It affects your strength (+2).
   It lets you fly.
 A - the +1 robe of Impermeability (worn) {rElec rPois Dex+4 Slay-4}
   (You found it on level 7 of the Dungeon)

   It affects your dexterity (+4).
   It affects your accuracy and damage with ranged weapons and melee attacks
   (-4).
   It insulates you from electricity.
   It protects you from poison.
 F - a +0 large shield
 L - the +2 ratskin cloak (worn) {+Rats rPois rN+ Str-1 Int-1 Dex+1}
   (You found it on level 9 of the Dungeon)

   It affects your strength (-1).
   It affects your intelligence (-1).
   It affects your dexterity (+1).
   It protects you from poison.
   It protects you from negative energy.
 M - a +1 large shield of protection
 O - +2 ice dragon scales
Jewellery
 s - a ring of resist corrosion (right hand)
 t - a ring of positive energy (left hand)
 u - an uncursed ring of ice
Wands
 y - a wand of disintegration (17)
 H - a wand of flame (23)
 I - a wand of polymorph (17)
Scrolls
 d - 2 scrolls of teleportation
 e - 2 scrolls of identify
 f - 3 scrolls of remove curse
 g - 4 scrolls of amnesia
 j - 3 scrolls of enchant armour
 r - a scroll of enchant weapon
 x - a scroll of magic mapping
 K - a scroll of summoning {unknown}
Potions
 h - 4 potions of curing
 k - 2 potions of magic
 v - 3 potions of brilliance
 z - 3 potions of flight
 C - 2 potions of might
 E - a potion of heal wounds
Books
 b - a book of Flames

   Spells                             Type                      Level
   a - Flame Tongue                   Conjuration/Fire             1
   b - Throw Flame                    Conjuration/Fire             2
   c - Conjure Flame                  Conjuration/Fire             3
   d - Inner Flame                    Hexes/Fire                   3
   e - Sticky Flame                   Conjuration/Fire             4
   f - Fireball                       Conjuration/Fire             5
 D - a book of Conjurations

   Spells                             Type                      Level
   a - Magic Dart                     Conjuration                  1
   b - Searing Ray                    Conjuration                  2
   c - Dazzling Spray                 Conjuration/Hexes            3
   d - Fulminant Prism                Conjuration/Hexes            4
   e - Force Lance                    Conjuration/Translocation    4
   f - Iskenderun's Mystic Blast      Conjuration                  4
 J - a Young Poisoner's Handbook

   Spells                             Type                      Level
   a - Sting                          Conjuration/Poison           1
   b - Poisonous Vapours              Poison/Air                   2
   c - Mephitic Cloud                 Conjuration/Poison/Air       3
   d - Olgreb's Toxic Radiance        Poison                       4
   e - Venom Bolt                     Conjuration/Poison           5
Miscellaneous
 N - a crystal ball of energy
Comestibles
 c - 19 rations


   Skills:
 + Level 7.2 Fighting
 + Level 7.1 Dodging
 + Level 6.4 Stealth
 * Level 5.9 Shields
 * Level 7.6 Spellcasting
 * Level 8.6 Conjurations
 * Level 8.6 Fire Magic
 + Level 3.5 Invocations


You had 15 spell levels left.
You knew the following spells:

 Your Spells              Type           Power        Failure   Level  Hunger
a - Flame Tongue          Conj/Fire      #####        1%          1    None
b - Sticky Flame          Conj/Fire      #####...     3%          4    ###....
c - Fireball              Conj/Fire      #####.....   9%          5    #####..


Dungeon Overview and Level Annotations

Branches:
Dungeon (12/15)            Temple (1/1) D:5            Lair (0/6) D:11
    Orc (0/2) D:9

Altars:
Ashenzari
Cheibriados
Dithmenos
Elyvilon
Fedhas
Gozag
Hepliaklqana
Kikubaaqudgha
Makhleb
Nemelex Xobeh
Okawaru
Qazlal
Ru
Sif Muna
Trog
Uskayaw
Vehumet
Wu Jian
Xom
Yredelemnul
Zin
The Shining One

Shops:
D:5 ![[:!   D:7 *   D:10 [

Annotations:
D:2 Sigmund
D:4 Menkaure
D:6 2 transporters


Innate Abilities, Weirdness & Mutations

Shadows flee at your approach. (+LOS)
You can swim through water.
You cover ground slowly.
You can hop short distances.


Message History

Confirm with . or Enter, or press ? or * to list all spells.
Aiming: Flame Tongue
Press: ? - help, Shift-Dir - straight line, f/p - red ugly thing
Aim: a red ugly thing (moderately wounded)
The flame tongue hits the red ugly thing.
The red ugly thing resists.
The red ugly thing is heavily wounded.
The red ugly thing misses you.
Casting: Flame Tongue
Confirm with . or Enter, or press ? or * to list all spells.
Aiming: Flame Tongue
Press: ? - help, Shift-Dir - straight line, f/p - red ugly thing
Aim: a red ugly thing (heavily wounded)
The flame tongue hits the red ugly thing.
The red ugly thing resists.
The red ugly thing is heavily wounded.
The red ugly thing engulfs you!
* * * LOW HITPOINT WARNING * * *
You are engulfed in flames!!
You die...

....# #..(..# #.........# ....#
#.....# ########'## ....#
##)#### #.# ....# #.#### #####.#
##### #....# #.....# #######.##
##.##### #....^...# #.)#
#.......u# ###[########
#.......@####..........#
#########..........##.).[......#
.................#.............#
#########........####.........>#
#........# #..........#
#........# ############
##########


You could see a red ugly thing.

Vanquished Creatures
  A two-headed ogre (D:11)
  An orc knight (Bailey)
  Pikel (D:4)
  A komodo dragon (D:11)
  A troll (D:5)
  3 hippogriffs
  A spriggan (D:7)
  A wraith (D:11)
  A wyvern (D:8)
  Eustachio (D:4)
  2 basilisks
  8 yaks
  A hungry ghost (D:10)
  3 porcupines
  An ice beast (D:11)
  3 sky beasts
  2 slaves
  9 orc warriors
  A phantom (D:4)
  2 necrophages
  5 ogres
  An eye of draining (D:10)
  2 centaurs
  3 crocodiles
  2 big kobolds
  4 bullfrogs
  A water moccasin zombie (D:10)
  2 scorpions
  4 wights
  5 killer bees
  A howler monkey (D:9)
  4 crimson imps
  A bullfrog zombie (D:5)
  4 centaur zombies
  3 hounds
  5 jellies
  7 orc priests
  15 orc wizards
  2 bullfrog skeletons
  A centaur skeleton (D:9)
  5 iguanas
  5 worker ants
  A hound skeleton (D:7)
  Robin (D:4)
  2 howler monkey skeletons
  15 adders
  11 gnolls
  A shadow imp (D:6)
  An ooze (D:3)
  An adder zombie (D:7)
  An adder skeleton (D:4)
  3 dart slugs
  3 leopard geckos
  49 orcs
  8 bats
  5 giant cockroaches
  7 hobgoblins
  14 jackals
  12 kobolds
  3 quokkas
  2 ball pythons
  4 frilled lizards
  A giant cockroach zombie (D:4)
  17 goblins
  A rat (D:2)
289 creatures vanquished.

Vanquished Creatures (collateral kills)
  A yak (D:11)
  A crocodile (D:11)
2 creatures vanquished.

Vanquished Creatures (others)
  A jackal skeleton (D:4)
1 creature vanquished.

Grand Total: 292 creatures vanquished

Notes
Turn   | Place    | Note
-------+----------+-------------------------------------------
     0 | D:1      | shenanigans the Barachi Fire Elementalist began the quest for the Orb.
     0 | D:1      | Reached XP level 1. HP: 13/13 MP: 3/3
   383 | D:1      | Reached XP level 2. HP: 7/20 MP: 0/5
  1345 | D:2      | Reached XP level 3. HP: 23/25 MP: 2/6
  1484 | D:2      | Reached skill level 1 in Fighting
  1697 | D:2      | Noticed Sigmund
  1839 | D:2      | Found an ornate altar of the Wu Jian Council.
  2159 | D:2      | Reached XP level 4. HP: 28/32 MP: 2/7
  2335 | D:2      | Learned a level 4 spell: Sticky Flame
  2571 | D:3      | Reached XP level 5. HP: 5/38 MP: 0/9
  3679 | D:4      | Noticed Eustachio
  3730 | D:4      | Noticed a slave
  3730 | D:4      | Noticed a slave
  3731 | D:4      | Noticed a slave
  3731 | D:4      | Noticed Pikel
  3747 | D:3      | Killed a slave
  3898 | D:4      | Killed Eustachio
  3898 | D:4      | Reached XP level 6. HP: 46/46 MP: 2/10
  4008 | D:4      | Found an opulent altar of Gozag.
  4008 | D:4      | Found a sparkling altar of Nemelex Xobeh.
  4986 | D:4      | Found an ancient bone altar of Kikubaaqudgha.
  4986 | D:4      | Found a stormy altar of Qazlal.
  4993 | D:4      | Noticed Menkaure
  5881 | D:4      | Reached XP level 7. HP: 51/51 MP: 4/12
  6181 | D:4      | Learned a level 5 spell: Fireball
  6707 | D:4      | Noticed Robin
  7243 | D:4      | Killed Robin
  7357 | D:4      | Killed Pikel
  7357 | D:4      | Reached skill level 5 in Conjurations
  7357 | D:4      | Reached skill level 5 in Fire Magic
  7357 | D:4      | Reached XP level 8. HP: 17/60 MP: 2/14
  7675 | D:5      | Entered Level 5 of the Dungeon
  7816 | D:5      | Found Kadeupim's Antique Armour Emporium.
  7816 | D:5      | Found Kamma's Distillery.
  7842 | D:5      | Found a hazy altar of Hepliaklqana.
  8070 | D:5      | Found a staircase to the Ecumenical Temple.
  8087 | Temple   | Entered the Ecumenical Temple
  8416 | D:5      | Found Kake's Armour Boutique.
  8670 | D:5      | Found a radiant altar of Vehumet.
  8694 | D:5      | Found Itasealag's Book Shop.
  8953 | D:5      | Noticed a troll
  8959 | D:5      | HP: 2/61 [troll (10)]
  8962 | D:5      | Killed a troll
  9310 | D:5      | Found Eqaellol's Distillery.
  9379 | D:5      | Reached skill level 5 in Dodging
  9379 | D:5      | Reached XP level 9. HP: 60/66 MP: 14/16
  9572 | D:6      | Found a transporter.
  9603 | D:6      | Found a transporter.
 10028 | D:6      | Reached skill level 5 in Fighting
 10028 | D:6      | Reached skill level 5 in Spellcasting
 10361 | D:5      | Bought a smoking robe for 165 gold pieces
 10372 | D:5      | Identified the +0 robe of the Original Sin {+Fly Str+2} (You bought it in a shop on level 5 of the Dungeon)
 10642 | D:6      | Found a burning altar of Makhleb.
 10642 | D:6      | Noticed a blizzard demon
 10645 | D:6      | Noticed a hellwing
 10645 | D:6      | Noticed a hellwing
 10647 | D:6      | Became a worshipper of Makhleb the Destroyer
 10798 | D:7      | Found a hide-covered altar of Uskayaw.
 10967 | D:7      | Got a distressingly furry robe
 10978 | D:7      | Identified the +1 robe of Impermeability {rElec rPois Dex+4 Slay-4} (You found it on level 7 of the Dungeon)
 10979 | D:7      | Found Plog's General Store.
 11737 | D:8      | Reached skill level 1 in Invocations
 11769 | D:7      | Reached skill level 5 in Stealth
 12074 | D:7      | Reached skill level 1 in Shields
 12639 | D:9      | Found a radiant altar of Vehumet.
 12653 | D:9      | Reached XP level 10. HP: 68/76 MP: 11/19
 12875 | D:9      | Found the +2 ratskin cloak {+Rats rPois rN+ Str-1 Int-1 Dex+1}
 12915 | D:9      | Reached * piety under Makhleb
 13790 | D:9      | Found a staircase to the Orcish Mines.
 13825 | D:9      | Found an ancient bone altar of Kikubaaqudgha.
 14129 | D:9      | Found a blossoming altar of Fedhas.
 14869 | D:10     | Entered Level 10 of the Dungeon
 14920 | D:10     | Found Idutuh's Armour Boutique.
 15384 | D:10     | Reached ** piety under Makhleb
 15595 | D:10     | Reached XP level 11. HP: 55/83 MP: 0/21
 15961 | D:10     | Reached skill level 5 in Shields
 16430 | D:11     | Noticed a two-headed ogre
 16435 | D:11     | Killed a two-headed ogre
 16503 | D:11     | Found a flagged portal.
 16543 | Bailey   | Entered a bailey
 16719 | Bailey   | Reached *** piety under Makhleb
 17111 | Bailey   | Noticed an orc knight
 17130 | Bailey   | Killed an orc knight
 17891 | D:11     | Found a stormy altar of Qazlal.
 17909 | D:11     | Found a staircase to the Lair.
 18204 | D:11     | Noticed a cyclops
 18254 | D:11     | Noticed a brown ugly thing
 18254 | D:11     | Noticed a red ugly thing
 18330 | D:12     | Noticed a brown ugly thing
 18838 | D:10     | Slain by a red ugly thing

Vault maps used:
D:1:      elethiomel_arrival_quiet, minivault_24
D:2:      nicolae_overflow_hidden_temple, minmay_tiny_reverse_x, uniq_sigmund,
          uniq_crazy_yiuf_cottage
D:4:      grunt_temple_overflow_opulence, gammafunk_temple_overflow_wave,
          hangedman_abyss_or_decor_lesser_grid, uniq_robin, uniq_pikel,
          uniq_eustachio, uniq_menkaure
D:5:      lemuel_doored_altar, temple_pool_b, first_ration, basic_altar,
          serial_shops, shop, shop, shop, shop, shop, kennysheep_nub
D:6:      gammafunk_cloud_chamber, makhleb_altar_promises_db, roderic_lattice_a
D:7:      eat_drink_and_be_merry_uskayaw, serial_shops, shop, the_bakery
D:9:      vehumet_altar_wand_db, lemuel_coloured_pillars_altar, david_orc_4,
          basic_altar, dk_noncrumbling_3
D:10:     serial_shops, nicolae_shop_crystal
D:11:     minmay_lair_entry_grove, enter_bailey_3,
          nicolae_qazlal_eye_of_the_storm
D:12:     nemelex_xobeh_ov_fountains_minmay, uniq_josephine
Temple:   minmay_temple_forest_path
Bailey:   bailey_polearm_1, bailey

Skill      XL: |  1  2  3  4  5  6  7  8  9 10 11 |
---------------+----------------------------------+-----
Stealth        | 2 3 4 5 6 |  6.4
Conjurations   | 2 3 4 5 6 7 8 |  8.6
Fighting       | 1 2 4 5 6 7 |  7.2
Dodging        | 3 4 5 6 7 |  7.1
Spellcasting   | 3 4 6 7 |  7.6
Fire Magic     | 4 5 6 7 8 |  8.6
Invocations    | 1 2 3 |  3.5
Shields        | 1 4 5 |  5.9

Action                   |  1- 3 |  4- 6 |  7- 9 | 10-12 || total
-------------------------+-------+-------+-------+-------++-------
Melee: Unarmed           |    14 |     1 |       |       ||    15
       Hand axe          |       |   250 |       |       ||   250
       Long sword        |       |   106 |    24 |       ||   130
       Whip              |       |       |   162 |   183 ||   345
       Dagger            |       |       |       |   120 ||   120
Throw: Tomahawk          |       |       |     7 |     3 ||    10
 Cast: Flame Tongue      |    58 |    84 |   167 |   207 ||   516
       Fireball          |       |       |     6 |    72 ||    78
       Sticky Flame      |       |       |       |     1 ||     1
Invok: Lesser Servant of |       |       |       |     2 ||     2
 Abil: Hop               |     2 |     1 |     7 |    13 ||    23
Evoke: Wand              |       |       |     5 |     7 ||    12
  Use: Potion            |       |     7 |     1 |     2 ||    10
       Scroll            |       |     3 |    10 |     6 ||    19
 Stab: Sleeping          |       |     1 |     5 |       ||     6
  Eat: Chunk             |     5 |     7 |    19 |    29 ||    60
       Ration            |       |     2 |     2 |     5 ||     9
Armor: Robe              |    25 |    88 |    65 |   122 ||   300
       Skin              |       |    13 |       |       ||    13
Dodge: Dodged            |    51 |   270 |   204 |   366 ||   891
       Rpst.: Long sword |       |    24 |    21 |       ||    45

Table legend:
 A = Spawn XP
 B = Non-spawn XP
 C = Spawn XP percentage of total XP
 D = Spawn monster count
 E = Non-spawn monster count
 F = Spawn count percentage of total count
 G = Total turns spent on level
                    A         B        C        D         E        F      G
               +---------+---------+-------+---------+---------+-------+---------
         Total |       0 |   15248 |   0.0 |       0 |     289 |   0.0 | 18838
               +---------+---------+-------+---------+---------+-------+---------
           D:1 |       0 |      15 |   0.0 |       0 |       8 |   0.0 |  1333
           D:2 |       0 |     117 |   0.0 |       0 |      28 |   0.0 |  1200
           D:3 |       0 |     105 |   0.0 |       0 |      18 |   0.0 |  2741
           D:4 |       0 |    1336 |   0.0 |       0 |      27 |   0.0 |  2401
           D:5 |       0 |     843 |   0.0 |       0 |      19 |   0.0 |  1576
           D:6 |       0 |     581 |   0.0 |       0 |      15 |   0.0 |  1107
           D:7 |       0 |     947 |   0.0 |       0 |      18 |   0.0 |  1416
           D:8 |       0 |    1174 |   0.0 |       0 |      18 |   0.0 |  1405
           D:9 |       0 |    2427 |   0.0 |       0 |      45 |   0.0 |  1383
          D:10 |       0 |    2987 |   0.0 |       0 |      48 |   0.0 |  1686
          D:11 |       0 |    3520 |   0.0 |       0 |      22 |   0.0 |  1536
        Bailey |       0 |    1196 |   0.0 |       0 |      23 |   0.0 |   725
               +---------+---------+-------+---------+---------+-------+---------
